[Event "34rd NATO Championship 2024"]
[Site "Rhodes"]
[Date "2024.10.21"]
[Round "1.24"]
[White "Filipow, Mateusz"]
[Black "Schott, Guido"]
[Result "1/2-1/2"]
[ECO "E21"]
[WhiteElo "1843"]
[BlackElo "2059"]
[Annotator "RC"]
[PlyCount "44"]
[EventDate "2024.09.18"]
[EventType "swiss"]
[EventCountry "GRE"]
[SourceTitle "playchess.com"]
[Source "ChessBase"]
[SourceQuality "1"]
[TimeControl "5400+30"]

1. d4 Nf6 2. Nf3 e6 3. c4 b6 4. Nc3 Bb4 5. a3 Bxc3+ 6. bxc3 d6 7. Qc2 Bb7 8. e3 Be4 9. Bd3 Bxd3 10. Qxd3 Nbd7 11. e4 e5 12. O-O O-O 13. Bg5 h6 14. Bh4 Qe7 15. Nd2 g5 16. Bg3 Nh5 17. Rfe1 Rae8 18. Nf1 Nf4 19. Qc2 Qe6 20. d5 Qg6 21. Ne3 Nc5 22. Nf5 Nh5 1/2-1/2

[Event "34rd NATO Championship 2024"]
[Site "Rhodes"]
[Date "2024.10.21"]
[Round "1.25"]
[White "Michalowski, Patryk"]
[Black "Ivsek, Cveto"]
[Result "1-0"]
[ECO "B13"]
[WhiteElo "2054"]
[BlackElo "1839"]
[Annotator "RC"]
[PlyCount "79"]
[EventDate "2024.09.18"]
[EventType "swiss"]
[EventCountry "GRE"]
[SourceTitle "playchess.com"]
[Source "ChessBase"]
[SourceQuality "1"]
[TimeControl "5400+30"]

1. e4 c6 2. d4 d5 3. exd5 cxd5 4. Bd3 Nc6 5. c3 e5 6. dxe5 Nxe5 7. Qe2 Qe7 8. Bb5+ Bd7 9. Bxd7+ Nxd7 10. Qxe7+ Bxe7 11. Be3 Ngf6 12. Nf3 O-O 13. O-O Bc5 14. Bxc5 Nxc5 15. Na3 Na4 16. Rab1 a6 17. Nc2 Rfe8 18. Ne3 Rad8 19. Rfd1 Nb6 20. Rd4 Re4 21. Rbd1 Rxd4 22. Rxd4 g6 23. g4 h6 24. h4 Ne8 25. c4 Nc7 26. c5 Ne6 27. cxb6 Nxd4 28. Nxd4 Rd6 29. Nb3 Rxb6 30. Nxd5 Rd6 31. Ne3 Kg7 32. Kg2 b6 33. Kf3 Kf6 34. Ke4 Re6+ 35. Kd5 g5 36. h5 Re5+ 37. Kd4 Ke6 38. Nd2 Ra5 39. a3 Ra4+ 40. Ndc4 1-0

[Event "34rd NATO Championship 2024"]
[Site "Rhodes"]
[Date "2024.10.21"]
[Round "1.26"]
[White "Van den Heuvel, Tonnie"]
[Black "Mihailov, Iulian"]
[Result "1/2-1/2"]
[ECO "A06"]
[WhiteElo "1839"]
[BlackElo "2048"]
[Annotator "RC"]
[PlyCount "49"]
[EventDate "2024.09.18"]
[EventType "swiss"]
[EventCountry "GRE"]
[SourceTitle "playchess.com"]
[Source "ChessBase"]
[SourceQuality "1"]
[TimeControl "5400+30"]

1. b3 d5 2. Bb2 Bg4 3. Nf3 Bxf3 4. exf3 e6 5. d4 Bd6 6. Qc1 Qf6 7. c4 Ne7 8. c5 Bf4 9. Qc3 Nbc6 10. g3 Bh6 11. f4 Nf5 12. Bb5 g5 13. fxg5 Qxg5 14. Nd2 Qxd2+ 15. Qxd2 Bxd2+ 16. Kxd2 Kd7 17. Kd3 a6 18. Ba4 b5 19. cxb6 cxb6 20. Bxc6+ Kxc6 21. h4 h5 22. Bc1 Kd7 23. Bf4 f6 24. Rac1 Rac8 25. Rhe1 1/2-1/2

[Event "34rd NATO Championship 2024"]
[Site "Rhodes"]
[Date "2024.10.21"]
[Round "1.27"]
[White "Flaata, Alexander R."]
[Black "Spatrisano, Diego"]
[Result "1-0"]
[ECO "B07"]
[WhiteElo "2040"]
[BlackElo "1829"]
[Annotator "RC"]
[PlyCount "83"]
[EventDate "2024.09.18"]
[EventType "swiss"]
[EventCountry "GRE"]
[SourceTitle "playchess.com"]
[Source "ChessBase"]
[SourceQuality "1"]
[TimeControl "5400+30"]

1. e4 d6 2. d4 Nf6 3. Nc3 g6 4. Be2 Bg7 5. h4 h5 6. Nf3 c6 7. Bf4 Qa5 8. Qd2 Nbd7 9. e5 dxe5 10. dxe5 Nd5 11. Nxd5 Qxd2+ 12. Kxd2 cxd5 13. Rhd1 O-O 14. Ke1 e6 15. Rac1 Nb6 16. b3 Bd7 17. a4 Bc6 18. Bd2 Nd7 19. Bb4 Rfc8 20. Bd6 b6 21. Ba6 Re8 22. Nd4 Bxe5 23. Bxe5 Nxe5 24. f4 Bxa4 25. fxe5 Bd7 26. Kd2 Rab8 27. Bd3 Kg7 28. Rf1 Rec8 29. Ra1 Rc7 30. b4 Be8 31. Rf6 Rbc8 32. Ra3 Bd7 33. Ke3 Be8 34. Kf4 Re7 35. Kg5 Kh7 36. Ra1 Rcc7 37. g4 hxg4 38. h5 Kg7 39. hxg6 Bd7 40. Rh1 Kg8 41. Rh7 Be8 42. g7 1-0

[Event "34rd NATO Championship 2024"]
[Site "Rhodes"]
[Date "2024.10.21"]
[Round "1.28"]
[White "Voroblievas, Arturas"]
[Black "Onley, David E"]
[Result "0-1"]
[ECO "B06"]
[WhiteElo "1819"]
[BlackElo "2040"]
[Annotator "RC"]
[PlyCount "82"]
[EventDate "2024.09.18"]
[EventType "swiss"]
[EventCountry "GRE"]
[SourceTitle "playchess.com"]
[Source "ChessBase"]
[SourceQuality "1"]
[TimeControl "5400+30"]

1. e4 g6 2. d4 Bg7 3. Nc3 d6 4. f4 a6 5. Nf3 b5 6. a3 Nd7 7. Be2 c5 8. Be3 Bb7 9. O-O Ngf6 10. dxc5 Nxc5 11. e5 Ng4 12. Bd4 Ne6 13. h3 Nxd4 14. Qxd4 Nh6 15. Qf2 Qc7 16. Kh1 O-O 17. Bd3 dxe5 18. Nxe5 Rad8 19. Rae1 e6 20. Qh4 Nf5 21. Bxf5 exf5 22. Rf2 Rd4 23. Nd3 Qc6 24. Qg3 Rfd8 25. Re7 Bf6 26. Ne5 Qb6 27. Rxf7 Bxe5 28. Rxb7 Qxb7 29. fxe5 Rd2 30. Qe3 Rxf2 31. Qxf2 Qe7 32. Qb6 Rd2 33. Qxa6 Qxe5 34. Qa8+ Kg7 35. Qb7+ Kh6 36. Qf7 Rxc2 37. Qf8+ Kh5 38. g4+ fxg4 39. hxg4+ Kxg4 40. Qb4+ Qf4 41. Qxf4+ Kxf4 0-1

[Event "34rd NATO Championship 2024"]
[Site "Rhodes"]
[Date "2024.10.21"]
[Round "1.29"]
[White "Hof - Van Run, Rieke"]
[Black "Bouchard, Pier-Alex"]
[Result "*"]
[ECO "B03"]
[WhiteElo "2038"]
[BlackElo "1818"]
[Annotator "RC"]
[PlyCount "30"]
[EventDate "2024.09.18"]
[EventType "swiss"]
[EventCountry "GRE"]
[SourceTitle "playchess.com"]
[Source "ChessBase"]
[SourceQuality "1"]
[TimeControl "5400+30"]

1. e4 Nf6 2. e5 Nd5 3. c4 Nb6 4. Nc3 d6 5. exd6 exd6 6. d4 c6 7. Nf3 Be7 8. Bd3 Be6 9. b3 N6d7 10. Qc2 h6 11. O-O O-O 12. Bf4 Bf6 13. Rae1 Re8 14. Bh7+ Kh8 15. Bf5 Nf8 *

[Event "34rd NATO Championship 2024"]
[Site "Rhodes"]
[Date "2024.10.21"]
[Round "1.29"]
[White "Hof - Van Run, Rieke"]
[Black "Bouchard, Pier-Alex"]
[Result "1-0"]
[ECO "B03"]
[WhiteElo "2038"]
[BlackElo "1818"]
[Annotator "RC"]
[PlyCount "101"]
[EventDate "2024.09.18"]
[EventType "swiss"]
[EventCountry "GRE"]
[SourceTitle "playchess.com"]
[Source "ChessBase"]
[SourceQuality "1"]
[TimeControl "5400+30"]

1. e4 Nf6 2. e5 Nd5 3. c4 Nb6 4. Nc3 d6 5. exd6 exd6 6. d4 c6 7. Nf3 Be7 8. Bd3 Be6 9. b3 d5 10. c5 N6d7 11. Qc2 h6 12. O-O O-O 13. Bf4 Bf6 14. Rae1 Re8 15. Bh7+ Kh8 16. Bf5 Nf8 17. Ne5 Bxe5 18. Bxe5 Nbd7 19. Bd6 Bxf5 20. Qxf5 Qf6 21. Qg4 Ne6 22. Rd1 Ndf8 23. f4 Kg8 24. h4 g6 25. f5 Ng7 26. Be5 Rxe5 27. dxe5 Qxe5 28. Na4 Nxf5 29. Rde1 Qf6 30. h5 Qg5 31. Qxg5 hxg5 32. hxg6 fxg6 33. g4 Ng3 34. Rf3 Ne4 35. b4 Ne6 36. Nc3 Nd4 37. Rd3 Nd2 38. Kg2 Rf8 39. Re7 N4f3 40. Kh3 Ng1+ 41. Kg3 Ngf3 42. Rxb7 Nf1+ 43. Kh3 d4 44. Ne4 Ne1 45. Ra3 d3 46. Nxg5 d2 47. Rd7 Rf2 48. Rd8+ Kg7 49. Rxa7+ Kh6 50. Nf7+ Rxf7 51. Rxf7 1-0

[Event "34rd NATO Championship 2024"]
[Site "Rhodes"]
[Date "2024.10.21"]
[Round "1.30"]
[White "Anghel, Iulian-Mihai"]
[Black "Nielsen, Jan Mose"]
[Result "0-1"]
[ECO "C02"]
[WhiteElo "2164"]
[BlackElo "2036"]
[Annotator "RC"]
[PlyCount "110"]
[EventDate "2024.09.18"]
[EventType "swiss"]
[EventCountry "GRE"]
[SourceTitle "playchess.com"]
[Source "ChessBase"]
[SourceQuality "1"]
[TimeControl "5400+30"]

1. e4 c5 2. c3 e6 3. d4 d5 4. e5 Nc6 5. Nf3 Bd7 6. Bd3 Be7 7. O-O g5 8. Be3 h5 9. Na3 c4 10. Bc2 g4 11. Ne1 Bxa3 12. bxa3 Qa5 13. Qd2 Qxa3 14. Bg5 Nce7 15. f3 Nf5 16. fxg4 hxg4 17. Bxf5 exf5 18. Nc2 Qa6 19. Ne3 Qg6 20. Nxd5 Rc8 21. Rae1 Rh5 22. Bf4 Kf8 23. Qb2 Qc6 24. Qb4+ Kg7 25. Ne3 Be6 26. Rb1 b6 27. Qd6 Qa8 28. d5 Rd8 29. Qc7 Bxd5 30. Rbd1 Rc8 31. Qd6 Be6 32. Rd4 Qc6 33. Qa3 a5 34. Rfd1 Qc7 35. Nxc4 Bxc4 36. e6 Qc5 37. Qxc5 Rxc5 38. e7 Nxe7 39. Bd6 Rc6 40. Bxe7 Bxa2 41. Rd6 Rh6 42. R6d3 Rhe6 43. Ba3 Re2 44. R1d2 Rxd2 45. Rxd2 Bb1 46. Bb2 Kg6 47. Kf2 Re6 48. Rd5 Ba2 49. Rd4 b5 50. Rd8 Bc4 51. Rd2 f4 52. Ba3 Re3 53. Bb2 Rd3 54. Rc2 Rd1 55. Ba3 Rf1# 0-1

[Event "34rd NATO Championship 2024"]
[Site "Rhodes"]
[Date "2024.10.21"]
[Round "1.31"]
[White "Wells, Daniel J"]
[Black "Coulon, Dominic"]
[Result "1-0"]
[ECO "B12"]
[WhiteElo "2036"]
[BlackElo "1813"]
[Annotator "RC"]
[PlyCount "45"]
[EventDate "2024.09.18"]
[EventType "swiss"]
[EventCountry "GRE"]
[SourceTitle "playchess.com"]
[Source "ChessBase"]
[SourceQuality "1"]
[TimeControl "5400+30"]

1. e4 c6 2. d4 d5 3. e5 g6 4. Nf3 Bg4 5. Nbd2 e6 6. h3 Bxf3 7. Nxf3 Nd7 8. Be2 h5 9. O-O Nh6 10. Bg5 Qb6 11. Qd2 Nf5 12. c3 c5 13. c4 cxd4 14. cxd5 Bb4 15. Qf4 Be7 16. Bxe7 Nxe7 17. dxe6 Qxe6 18. Rac1 Nc6 19. Bc4 Qf5 20. Qxf5 gxf5 21. Bb5 Rh6 22. Bxc6 bxc6 23. Nxd4 1-0

[Event "34rd NATO Championship 2024"]
[Site "Rhodes"]
[Date "2024.10.21"]
[Round "1.32"]
[White "Echavarria Hidalgo, Fernando"]
[Black "Hadzicki, Tomasz"]
[Result "0-1"]
[ECO "C41"]
[WhiteElo "1802"]
[BlackElo "2034"]
[Annotator "RC"]
[PlyCount "84"]
[EventDate "2024.09.18"]
[EventType "swiss"]
[EventCountry "GRE"]
[SourceTitle "playchess.com"]
[Source "ChessBase"]
[SourceQuality "1"]
[TimeControl "5400+30"]

1. e4 d6 2. d4 Nf6 3. Nc3 Nbd7 4. Nf3 e5 5. dxe5 dxe5 6. Bc4 Bc5 7. O-O c6 8. Bg5 Qc7 9. a3 b5 10. Ba2 O-O 11. Qe2 h6 12. Bh4 Nh5 13. Nd2 Nf4 14. Qf3 Ng6 15. Bg3 Nf6 16. h3 Be6 17. Bxe6 fxe6 18. Qe2 Rad8 19. Nb3 Bb6 20. Rad1 h5 21. Rxd8 Rxd8 22. Rd1 Rf8 23. Kh1 a5 24. f3 h4 25. Bf2 Nh5 26. Qe1 Bxf2 27. Qxf2 Ng3+ 28. Kh2 b4 29. axb4 axb4 30. Nc5 bxc3 31. Nxe6 Qf7 32. Nxf8 Qxf8 33. Qb6 Qf4 34. bxc3 Kh7 35. Kg1 Qg5 36. Re1 Qd2 37. Qf2 Qxc3 38. Kh2 Qc4 39. Kg1 Nf4 40. Kh2 c5 41. Re3 Qd4 42. Qe1 Qxe3 0-1

[Event "34rd NATO Championship 2024"]
[Site "Rhodes"]
[Date "2024.10.21"]
[Round "1.33"]
[White "Aagaard, Gert"]
[Black "Ross, David C"]
[Result "1/2-1/2"]
[ECO "A48"]
[WhiteElo "2029"]
[BlackElo "1788"]
[Annotator "RC"]
[PlyCount "66"]
[EventDate "2024.09.18"]
[EventType "swiss"]
[EventCountry "GRE"]
[SourceTitle "playchess.com"]
[Source "ChessBase"]
[SourceQuality "1"]
[TimeControl "5400+30"]

1. d4 Nf6 2. Nf3 g6 3. Bg5 Ne4 4. Bf4 d5 5. Nbd2 Bg7 6. c3 c5 7. e3 Qb6 8. Qc1 Nc6 9. h3 O-O 10. Nxe4 dxe4 11. Nd2 cxd4 12. exd4 f5 13. Be2 Bd7 14. Nc4 Qd8 15. O-O Rc8 16. Rd1 b5 17. d5 Nb8 18. Ne5 Qb6 19. Qd2 Rfd8 20. c4 Be8 21. b4 bxc4 22. Nxc4 Qf6 23. Rac1 Nc6 24. Bg5 Qf8 25. b5 Nd4 26. d6 Nxe2+ 27. Qxe2 Bf6 28. dxe7 Rxd1+ 29. Qxd1 Qxe7 30. Bxf6 Qxf6 31. a4 Rd8 32. Qe2 Qd4 33. Ne3 Qxa4 1/2-1/2

[Event "34rd NATO Championship 2024"]
[Site "Rhodes"]
[Date "2024.10.21"]
[Round "1.34"]
[White "Ulusoy, Mustafa"]
[Black "Nilsson, Erik"]
[Result "1/2-1/2"]
[ECO "A84"]
[WhiteElo "1785"]
[BlackElo "2028"]
[Annotator "RC"]
[PlyCount "36"]
[EventDate "2024.09.18"]
[EventType "swiss"]
[EventCountry "GRE"]
[SourceTitle "playchess.com"]
[Source "ChessBase"]
[SourceQuality "1"]
[TimeControl "5400+30"]

1. d4 f5 2. Nf3 Nf6 3. e3 e6 4. c4 Bb4+ 5. Bd2 Qe7 6. a3 Bxd2+ 7. Nbxd2 a5 8. Bd3 b6 9. Rc1 Na6 10. O-O O-O 11. Re1 Bb7 12. e4 fxe4 13. Nxe4 Nxe4 14. Bxe4 Bxe4 15. Rxe4 Rf6 16. Qc2 Raf8 17. Rh4 h6 18. Rh3 d6 1/2-1/2

[Event "34rd NATO Championship 2024"]
[Site "Rhodes"]
[Date "2024.10.21"]
[Round "1.35"]
[White "Tommasini, Enzo"]
[Black "Stuhr, Finn"]
[Result "1-0"]
[ECO "A04"]
[WhiteElo "2026"]
[BlackElo "1790"]
[Annotator "RC"]
[PlyCount "65"]
[EventDate "2024.09.18"]
[EventType "swiss"]
[EventCountry "GRE"]
[SourceTitle "playchess.com"]
[Source "ChessBase"]
[SourceQuality "1"]
[TimeControl "5400+30"]

1. Nf3 b6 2. g3 Bb7 3. Bg2 g6 4. c4 Bg7 5. O-O e6 6. Nc3 Ne7 7. d4 d6 8. e4 Nd7 9. Re1 O-O 10. Bg5 f6 11. Be3 Rc8 12. Bh3 f5 13. Ng5 Rf6 14. d5 exd5 15. exd5 c5 16. Ne6 Qe8 17. Nb5 Ne5 18. Nxd6 Qd7 19. Nxc8 Nxc8 20. Nxg7 Qxg7 21. Bg5 Re6 22. Re3 Re8 23. f4 h6 24. Rxe5 Rxe5 25. fxe5 hxg5 26. Qe2 Ne7 27. Rd1 Bc8 28. Bg2 Kf8 29. d6 Ng8 30. e6 Nf6 31. d7 Bxd7 32. exd7 Nxd7 33. Qe6 1-0

[Event "34rd NATO Championship 2024"]
[Site "Rhodes"]
[Date "2024.10.21"]
[Round "1.36"]
[White "Papler, Peter"]
[Black "Loving, Jason"]
[Result "0-1"]
[ECO "D02"]
[WhiteElo "1780"]
[BlackElo "2021"]
[Annotator "RC"]
[PlyCount "60"]
[EventDate "2024.09.18"]
[EventType "swiss"]
[EventCountry "GRE"]
[SourceTitle "playchess.com"]
[Source "ChessBase"]
[SourceQuality "1"]
[TimeControl "5400+30"]

1. d4 Nf6 2. Nc3 d5 3. Bf4 Bf5 4. Nf3 e6 5. e3 c5 6. Nb5 Na6 7. c3 Be7 8. h3 O-O 9. Be2 Qb6 10. a4 Rfc8 11. Nh4 Be4 12. Bh2 Nb8 13. Nf3 Nc6 14. Qd2 cxd4 15. exd4 Na5 16. Qg5 a6 17. Bc7 Rxc7 18. Nxc7 Qxc7 19. O-O Rc8 20. Ne5 Nb3 21. Ra2 Bc2 22. Qf4 Bd6 23. Qe3 Bxe5 24. dxe5 Nd7 25. f4 Qc5 26. Kf2 d4 27. cxd4 Nxd4 28. b4 Qxb4 29. Rc1 Nf5 30. Qa7 Qxf4+ 0-1

[Event "34rd NATO Championship 2024"]
[Site "Rhodes"]
[Date "2024.10.21"]
[Round "1.37"]
[White "Duren, Andrew"]
[Black "Kries, Yvon"]
[Result "1-0"]
[ECO "D00"]
[WhiteElo "2015"]
[BlackElo "1765"]
[Annotator "RC"]
[PlyCount "59"]
[EventDate "2024.09.18"]
[EventType "swiss"]
[EventCountry "GRE"]
[SourceTitle "playchess.com"]
[Source "ChessBase"]
[SourceQuality "1"]
[TimeControl "5400+30"]

1. d4 d5 2. Bf4 c5 3. e3 Nc6 4. c3 Bf5 5. Qb3 Qd7 6. Nf3 f6 7. Bg3 c4 8. Qd1 g5 9. h3 h5 10. b3 b5 11. a4 Na5 12. Nbd2 Rc8 13. axb5 Qxb5 14. bxc4 dxc4 15. Qa4 Qxa4 16. Rxa4 Nb3 17. Bxc4 Nxd2 18. Nxd2 Ra8 19. Ke2 h4 20. Bh2 g4 21. Ra5 Bd7 22. hxg4 Bxg4+ 23. f3 Bd7 24. Rha1 e6 25. Rxa7 Rxa7 26. Rxa7 f5 27. Be5 Rh6 28. e4 h3 29. gxh3 Rxh3 30. exf5 1-0

[Event "34rd NATO Championship 2024"]
[Site "Rhodes"]
[Date "2024.10.21"]
[Round "1.38"]
[White "Hater, Andrew"]
[Black "Kedzierski, Slawomir"]
[Result "0-1"]
[ECO "B08"]
[WhiteElo "1767"]
[BlackElo "2013"]
[Annotator "RC"]
[PlyCount "104"]
[EventDate "2024.09.18"]
[EventType "swiss"]
[EventCountry "GRE"]
[SourceTitle "playchess.com"]
[Source "ChessBase"]
[SourceQuality "1"]
[TimeControl "5400+30"]

1. e4 d6 2. d4 c6 3. Nf3 g6 4. Nc3 Bg7 5. h3 Nf6 6. Bd3 O-O 7. O-O Qc7 8. Bf4 Nbd7 9. e5 dxe5 10. Nxe5 Nxe5 11. Bxe5 Qb6 12. Na4 Qd8 13. Nc5 b6 14. Ne4 Bb7 15. Re1 Qd7 16. c3 Rfd8 17. Qa4 Nxe4 18. Bxe4 Bxe5 19. dxe5 Qc7 20. Rad1 a5 21. Bf3 c5 22. Bxb7 Qxb7 23. e6 fxe6 24. Qc4 Rd5 25. Qe4 Qd7 26. Rxd5 exd5 27. Qxe7 Qxe7 28. Rxe7 Rd8 29. Kf1 d4 30. cxd4 Rxd4 31. Ke2 Rb4 32. b3 a4 33. Re3 Kf7 34. Kd2 Kf6 35. g3 g5 36. g4 Rd4+ 37. Kc3 b5 38. Rf3+ Ke6 39. Rf5 axb3 40. axb3 Rd5 41. Rf3 Re5 42. Re3 Rxe3+ 43. fxe3 Kd5 44. Kd3 Ke5 45. Ke2 Ke4 46. Kd2 c4 47. bxc4 bxc4 48. Kc3 Kxe3 49. Kxc4 Kf3 50. Kd5 Kg3 51. Ke5 Kxh3 52. Kf5 Kh4 0-1

[Event "34rd NATO Championship 2024"]
[Site "Rhodes"]
[Date "2024.10.21"]
[Round "1.39"]
[White "Van Drie, Rik"]
[Black "Windey, Luc"]
[Result "1-0"]
[ECO "A39"]
[WhiteElo "2013"]
[BlackElo "1763"]
[Annotator "RC"]
[PlyCount "63"]
[EventDate "2024.09.18"]
[EventType "swiss"]
[EventCountry "GRE"]
[SourceTitle "playchess.com"]
[Source "ChessBase"]
[SourceQuality "1"]
[TimeControl "5400+30"]

1. c4 c5 2. Nc3 Nc6 3. Nf3 Nf6 4. g3 g6 5. Bg2 Bg7 6. d4 cxd4 7. Nxd4 O-O 8. O-O Qb6 9. Nb3 d6 10. Be3 Qb4 11. c5 Ng4 12. Bd2 Be6 13. Nd5 Qa4 14. cxd6 exd6 15. h3 Nf6 16. Nc3 Qa6 17. Bf4 Ne5 18. Nd4 Rad8 19. Nxe6 fxe6 20. Qb3 Rfe8 21. Bxb7 Qb6 22. Qxb6 axb6 23. Rac1 Nc4 24. b3 Na5 25. Bg2 d5 26. Bc7 Rc8 27. Bxb6 Nxb3 28. axb3 Nd7 29. Nxd5 exd5 30. Bxd5+ Kh8 31. Rxc8 Rxc8 32. Be3 1-0

[Event "34rd NATO Championship 2024"]
[Site "Rhodes"]
[Date "2024.10.21"]
[Round "1.40"]
[White "O`Byrne, Daniel"]
[Black "Michalski, Daniel"]
[Result "0-1"]
[ECO "C01"]
[WhiteElo "1748"]
[BlackElo "2011"]
[Annotator "RC"]
[PlyCount "100"]
[EventDate "2024.09.18"]
[EventType "swiss"]
[EventCountry "GRE"]
[SourceTitle "playchess.com"]
[Source "ChessBase"]
[SourceQuality "1"]
[TimeControl "5400+30"]

1. e4 e6 2. d4 d5 3. exd5 exd5 4. Bd3 Nc6 5. c3 Bd6 6. Nf3 Nge7 7. O-O Bg4 8. h3 Bh5 9. Be3 Qd7 10. b4 f6 11. b5 Na5 12. Nbd2 Bg6 13. Be2 Bf7 14. Re1 O-O 15. Bd3 Nc4 16. a4 Nb2 17. Bxh7+ Kxh7 18. Qc2+ f5 19. Qxb2 f4 20. Nf1 fxe3 21. Nxe3 Kg8 22. Ng4 Rae8 23. Qd2 Qf5 24. Nge5 Ng6 25. g4 Nxe5 26. Nxe5 Qh7 27. Kg2 Bg6 28. f3 Re6 29. Qg5 Qh6 30. Qxh6 gxh6 31. Kg3 Kg7 32. f4 Be4 33. c4 c6 34. c5 Bc7 35. Rf1 Ba5 36. f5 Rxe5 37. dxe5 Bc7 38. f6+ Rxf6 39. Rxf6 Bxe5+ 40. Kf2 Kxf6 41. Ra3 Bd4+ 42. Ke2 Ke5 43. bxc6 bxc6 44. Rg3 Bxc5 45. g5 hxg5 46. Rxg5+ Kf4 47. Rg8 d4 48. Rb8 a5 49. Kd1 d3 50. Rg8 Bb4 0-1

[Event "34rd NATO Championship 2024"]
[Site "Rhodes"]
[Date "2024.10.21"]
[Round "1.41"]
[White "Cheung, Jan"]
[Black "Woolf, Ben"]
[Result "1-0"]
[ECO "A90"]
[WhiteElo "2010"]
[BlackElo "1747"]
[Annotator "RC"]
[PlyCount "51"]
[EventDate "2024.09.18"]
[EventType "swiss"]
[EventCountry "GRE"]
[SourceTitle "playchess.com"]
[Source "ChessBase"]
[SourceQuality "1"]
[TimeControl "5400+30"]

1. d4 e6 2. c4 f5 3. g3 Nf6 4. Bg2 Bb4+ 5. Bd2 Bxd2+ 6. Qxd2 O-O 7. Nc3 d6 8. Nf3 Nbd7 9. O-O e5 10. dxe5 dxe5 11. Rad1 Qe7 12. Nd5 Nxd5 13. cxd5 Nf6 14. Qc3 e4 15. Ne1 Rd8 16. Qb3 Rd6 17. Nc2 Qf7 18. Ne3 g6 19. f3 Qd7 20. Nc4 Rxd5 21. Ne3 c6 22. fxe4 Nxe4 23. Bxe4 fxe4 24. Nxd5 cxd5 25. Rxd5 Qe6 26. Rd8+ 1-0

[Event "34rd NATO Championship 2024"]
[Site "Rhodes"]
[Date "2024.10.21"]
[Round "1.42"]
[White "Huidiu, Vasile-Cristian"]
[Black "Tocco, Paolo"]
[Result "0-1"]
[ECO "A96"]
[WhiteElo "1729"]
[BlackElo "2010"]
[Annotator "RC"]
[PlyCount "96"]
[EventDate "2024.09.18"]
[EventType "swiss"]
[EventCountry "GRE"]
[SourceTitle "playchess.com"]
[Source "ChessBase"]
[SourceQuality "1"]
[TimeControl "5400+30"]

1. d4 e6 2. c4 f5 3. Nf3 Nf6 4. g3 Be7 5. Bg2 O-O 6. O-O d6 7. Nc3 Ne4 8. Qc2 Nxc3 9. bxc3 Nc6 10. e4 e5 11. a4 Qe8 12. a5 Qh5 13. a6 b6 14. exf5 Bxf5 15. Qa4 Bd7 16. Nd2 Qe8 17. Qb5 Kh8 18. Qd5 Rd8 19. Nb3 exd4 20. Nxd4 Ne5 21. Qe4 c5 22. Ne2 Bf5 23. Qd5 Bd3 24. Re1 Bxc4 25. Qe4 Bf6 26. Nf4 d5 27. Qe3 Qf7 28. Ba3 Rfe8 29. Qd2 d4 30. Bb2 dxc3 31. Qxc3 Nd3 32. Rxe8+ Rxe8 33. Qc2 Bxb2 34. Rd1 Nxf4 35. gxf4 Bd4 36. Qd2 Re2 37. Qc1 Bxf2+ 38. Kh1 Bd4 39. Re1 Qe6 40. Rxe2 Qxe2 41. f5 Bxa6 42. h3 Qe3 43. Qd1 Be2 44. Qb1 Bd3 45. Qd1 Bxf5 46. Qf1 Qf2 47. Qd1 Bc2 48. Qc1 b5 0-1

[Event "34rd NATO Championship 2024"]
[Site "Rhodes"]
[Date "2024.10.21"]
[Round "1.43"]
[White "Pirs, Matjaz"]
[Black "Chapman, Chas"]
[Result "1-0"]
[ECO "A39"]
[WhiteElo "2203"]
[BlackElo "1696"]
[Annotator "RC"]
[PlyCount "113"]
[EventDate "2024.09.18"]
[EventType "swiss"]
[EventCountry "GRE"]
[SourceTitle "playchess.com"]
[Source "ChessBase"]
[SourceQuality "1"]
[TimeControl "5400+30"]

1. Nf3 c5 2. c4 d6 3. Nc3 g6 4. g3 Bg7 5. Bg2 Nf6 6. O-O Nc6 7. b3 a6 8. Bb2 O-O 9. d4 Nxd4 10. Nxd4 cxd4 11. Qxd4 e5 12. Qd3 Qc7 13. Rad1 Rd8 14. Rd2 Rb8 15. Ba3 Bf8 16. Rfd1 Bf5 17. e4 Be6 18. h3 Be7 19. Qe2 b6 20. Rc1 Bc8 21. Bf1 Bb7 22. Kh2 Bc6 23. f3 Qd7 24. Qf2 Qb7 25. Rcd1 Qc7 26. Rc2 Qb7 27. h4 Kg7 28. Rdc1 Rbc8 29. b4 Bd7 30. Rd2 Be6 31. Nd1 Rd7 32. Ne3 Rcd8 33. Nd5 Bxd5 34. cxd5 b5 35. Rdc2 Ne8 36. Bh3 Rc7 37. Rc6 Ra8 38. Qd2 Bd8 39. Bb2 f6 40. R1c2 Rxc6 41. Rxc6 Ra7 42. Bc1 Kf8 43. Qc2 Ra8 44. Be6 Nc7 45. Bh6+ Ke7 46. Bg4 Kf7 47. Be3 a5 48. bxa5 Ne8 49. Bc8 Qe7 50. a6 Nc7 51. Bb7 Nxa6 52. Bxa6 Ra7 53. Bxa7 Qxa7 54. Bxb5 Bb6 55. Rxd6 Bg1+ 56. Kg2 Kg7 57. Rd7+ 1-0

[Event "34rd NATO Championship 2024"]
[Site "Rhodes"]
[Date "2024.10.21"]
[Round "1.44"]
[White "Abbate, Giovanni"]
[Black "Pazeriene, Diana"]
[Result "0-1"]
[ECO "B10"]
[WhiteElo "1695"]
[BlackElo "1993"]
[Annotator "RC"]
[PlyCount "114"]
[EventDate "2024.09.18"]
[EventType "swiss"]
[EventCountry "GRE"]
[SourceTitle "playchess.com"]
[Source "ChessBase"]
[SourceQuality "1"]
[TimeControl "5400+30"]

1. e4 c6 2. Nf3 d5 3. exd5 cxd5 4. Ne5 Nf6 5. d4 Nc6 6. c3 e6 7. Bd3 Nxe5 8. dxe5 Nd7 9. f4 Bc5 10. Qe2 a5 11. Be3 Qb6 12. Bxc5 Nxc5 13. Bb5+ Bd7 14. Bxd7+ Kxd7 15. Na3 Rac8 16. Qb5+ Qxb5 17. Nxb5 Nd3+ 18. Kf1 Nxb2 19. Rb1 Nc4 20. Ke2 b6 21. a4 f6 22. exf6 gxf6 23. Kd3 Rc5 24. Rhf1 Rg8 25. g3 Rgc8 26. Rf2 Na3 27. Nxa3 Rxc3+ 28. Ke2 Rxa3 29. Rxb6 Rxa4 30. Kf3 h5 31. Rb7+ Rc7 32. Rb8 Rc3+ 33. Kg2 Rb4 34. Ra8 Ra4 35. Rb2 h4 36. Ra7+ Rc7 37. Ra6 hxg3 38. hxg3 Rc6 39. Rb7+ Kd6 40. Raa7 Kc5 41. Rb2 d4 42. Rc2+ Kd5 43. Rd7+ Rd6 44. Rdc7 d3 45. Rd2 Kd4 46. Kf3 Rc4 47. Rb7 Kc3 48. Rbb2 f5 49. Ra2 a4 50. Ke3 Re4+ 51. Kf3 a3 52. g4 Rdd4 53. gxf5 Rxf4+ 54. Kg3 Rxf5 55. Rd1 Kb3 56. Rda1 Ra5 57. Kf3 d2 0-1

[Event "34rd NATO Championship 2024"]
[Site "Rhodes"]
[Date "2024.10.21"]
[Round "1.45"]
[White "Koops, Janis"]
[Black "Boudry, Rik"]
[Result "1-0"]
[ECO "A22"]
[WhiteElo "1990"]
[BlackElo "1671"]
[Annotator "RC"]
[PlyCount "39"]
[EventDate "2024.09.18"]
[EventType "swiss"]
[EventCountry "GRE"]
[SourceTitle "playchess.com"]
[Source "ChessBase"]
[SourceQuality "1"]
[TimeControl "5400+30"]

1. c4 Nf6 2. Nc3 c6 3. e4 e5 4. Nf3 Bb4 5. d3 d6 6. Be2 O-O 7. O-O h6 8. Rb1 Bxc3 9. bxc3 c5 10. Ne1 b6 11. f4 Nbd7 12. f5 Nh7 13. Rf3 Ndf6 14. g4 Nxg4 15. Rg3 h5 16. Bxg4 hxg4 17. Qxg4 Qf6 18. Qh5 g6 19. fxg6 fxg6 20. Rxg6+ 1-0